 Dungeon Crawl Stone Soup version 0.30-a0-576-g89cddaab80 (webtiles) character file.

Game seed: 541625055784249667

24892 Newt the Nimble (level 12, 0/86 HPs)
             Began as a Demonspawn Gladiator on Dec 30, 2022.
             Was an Elder of Dithmenos.
             Slain by a blink frog (4 damage)
             ... on level 2 of the Lair of Beasts.
             The game lasted 00:24:47 (15676 turns).

Newt the Nimble (Demonspawn Gladiator)             Turns: 15676, Time: 00:24:48

Health: 0/86       AC: 10    Str: 16    XL:     12   Next: 84%
Magic:  0/16       EV: 22    Int:  9    God:    Dithmenos [****..]
Gold:   962        SH:  5    Dex: 15    Spells: 11/11 levels left

rFire   . . .      SeeInvis .    a - +8 rapier of Proximity {heavy, rN+ rCorr}
rCold   . . .      Faith    .    U - +0 buckler
rNeg    + + +      Spirit   +    T - +3 leather armour of Qazlal's Hope {rF- rN+ Stlth+}
rPois   .          Reflect  .    (no helmet)
rElec   .          Harm     .    r - +0 cloak {rCorr}
rCorr   +          Rampage  .    (no gloves)
Will    .....                    (no boots)
Stlth   ++++++++                 M - amulet of guardian spirit
HPRegen 0.34/turn                y - ring of positive energy
MPRegen 0.15/turn                R - ring of protection from fire

@: agile, wreathed by umbra, studying 2 skills
A: hooves 2, molten scales 1, ignite blood 1, powered by pain 1, clumsy 1, dopey
1, MP-powered wands
a: Renounce Religion, Shadow Step


You were on level 2 of the Lair of Beasts.
You worshipped Dithmenos.
Dithmenos was greatly pleased with you.
You visited 3 branches of the dungeon, and saw 14 of its levels.
You also visited: Bailey.

You collected 1086 gold pieces.
You spent 124 gold pieces at shops.

Inventory:

Hand Weapons
 a - the +8 rapier of Proximity (weapon) {heavy, rN+ rCorr}
   (You found it on level 2 of the Dungeon)

   It deals dramatically more damage, but attacks with it are much slower.
   rN:        It protects you from negative energy.
   rCorr:     It protects you from acid and corrosion.
 b - the +5 sling of Ruhuat {drain, rElec Int+3 SInv}
   (You found it on level 11 of the Dungeon)

   A truly terrible weapon, it drains the life of any living foe it strikes.
   Int:       It affects your intelligence (+3).
   rElec:     It insulates you from electricity.
   SInv:      It lets you see invisible.
 s - a +0 rapier
Missiles
 d - 23 javelins
 h - 120 stones
 v - 15 boomerangs (quivered)
 I - 10 poisoned darts
Armour
 c - a +0 helmet
 l - a +0 scale mail
 n - a +4 ring mail
 r - a +0 cloak of preservation (worn)
 A - a +0 crystal plate armour
 N - a +0 kite shield
 T - the +3 leather armour of Qazlal's Hope (worn) {rF- rN+ Stlth+}
   (You found it on level 10 of the Dungeon)

   rF:        It makes you vulnerable to fire.
   rN:        It protects you from negative energy.
   Stlth:     It makes you more stealthy.
 U - a +0 buckler (worn)
 Y - a +0 leather armour
Jewellery
 y - a ring of positive energy (left hand)
 C - an amulet of magic regeneration
 M - an amulet of guardian spirit (around neck)
 O - a ring of ice
 R - a ring of protection from fire (right hand)
Wands
 e - a wand of polymorph (14)
 E - a wand of acid (6)
 H - a wand of charming (6)
 J - a wand of flame (69)
 K - a wand of digging (12)
 W - a wand of roots (3)
Scrolls
 g - 2 scrolls of teleportation
 j - 2 scrolls of noise
 m - 6 scrolls of vulnerability
 q - a scroll of silence
 w - a scroll of magic mapping
 x - 8 scrolls of immolation
 z - 3 scrolls of enchant weapon
 P - a scroll of poison
 V - 2 scrolls of fear {unknown}
 Z - 4 scrolls of enchant armour
Potions
 f - 7 potions of attraction
 i - a potion of haste
 k - 2 potions of might
 o - a potion of flight
 p - 4 potions of curing
 t - 3 potions of cancellation
 u - 4 potions of resistance
 B - 2 potions of magic
 D - a potion of degeneration
 F - a potion of brilliance
 G - 2 potions of invisibility
 L - 3 potions of lignification
 Q - 3 potions of heal wounds
 S - a potion of ambrosia {unknown}


   Skills:
 - Level 5.0 Fighting
 - Level 7.0 Short Blades
 - Level 5.0 Throwing
 - Level 10.0 Armour
 + Level 11.6 Dodging
 - Level 10.0 Stealth
 - Level 5.0 Shields
 - Level 6.0 Invocations
 - Level 4.0 Evocations


You had 11 spell levels left.
You didn't know any spells.
Your spell library contained the following spells:

 Spells                   Type           Power      Damage    Failure   Level
 Apportation              Tloc           0%         N/A       52%         1
 Beastly Appendage        Tmut           0%         N/A       52%         1
 Magic Dart               Conj           0%         1d3       52%         1
 Necrotise                Necr           0%         1d4       52%         1
 Summon Small Mammal      Summ           0%         N/A       52%         1
 Blink                    Tloc           0%         N/A       67%         2
 Call Imp                 Summ           0%         N/A       67%         2
 Cigotuvi's Dreadful Rot  Necr/Pois/Air  0%         N/A       67%         2
 Momentum Strike          Conj/Tloc      0%         3d8       67%         2
 Poisonous Vapours        Pois/Air       0%         N/A       67%         2
 Searing Ray              Conj           0%         2d4       67%         2
 Wereblood                Tmut           0%         N/A       67%         2
 Call Canine Familiar     Summ           0%         N/A       88%         3
 Lesser Beckoning         Tloc           0%         N/A       88%         3
 Mephitic Cloud           Conj/Pois/Air  0%         N/A       88%         3
 Portal Projectile        Hex/Tloc       0%         N/A       88%         3
 Spider Form              Tmut/Pois      0%         N/A       88%         3
 Animate Dead             Necr           0%         N/A       99%         4
 Fulminant Prism          Conj/Hex       0%         3d5       99%         4
 Leda's Liquefaction      Hex/Erth       0%         N/A       99%         4
 Haunt                    Necr/Summ      0%         N/A       100%        7
 Infestation              Necr           0%         N/A       100%        8
 Chain Lightning          Conj/Air       0%         N/A       100%        9
 Fire Storm               Conj/Fire      0%         5d1       100%        9
 Shatter                  Erth           0%         3d5*      100%        9


Dungeon Overview and Level Annotations

Branches:
Dungeon (11/15)            Temple (1/1) D:4            Lair (2/5) D:11
    Orc (0/2) D:11         Bailey (visited)
  Swamp: Lair:2-3    Shoals: Lair:2-3     Snake: Lair:2-3    Spider: Lair:2-3

Altars:
Ashenzari
Cheibriados
Dithmenos
Fedhas
Gozag
Hepliaklqana
Kikubaaqudgha
Makhleb
Nemelex Xobeh
Okawaru
Qazlal
Ru
Sif Muna
Trog
Uskayaw
Vehumet
Wu Jian
Xom
Yredelemnul

Shops:
D:1 [   D:9 *


Innate Abilities, Weirdness & Mutations

You have hoof-like feet.
You are partially covered in molten scales. (AC +2)
Your demonic aura sometimes causes spilled blood to erupt in flames.
You sometimes gain a little power by taking damage.
You are clumsy. (Dex -2)
You are dopey. (Int -2)
You expend magic power (3 MP) to strengthen your wands.


Message History

The blink frog blinks!
The blink frog is engulfed in blazing flames.
The blink frog misses you.
You miss the blink frog.
The blink frog is moderately wounded.
The blink frog is engulfed in blazing flames.
You block the blink frog's attack.
You barely miss the blink frog.
The blink frog is heavily wounded.
The blink frog is engulfed in blazing flames.
The blink frog hits you but does no damage.
The blink frog is engulfed in blazing flames.
The blink frog completely misses you.
The blink frog blinks!
You miss the blink frog. You kick the blink frog.
You kill the blink frog!
Dithmenos accepts your kill.
You hit the blink frog. Your kick misses the blink frog.
The blink frog is lightly wounded.
The blink frog closely misses you. x2; The blink frog hits you!
* * * LOW HITPOINT WARNING * * *
The blink frog blinks!
You feel much better.
The blink frog blinks!
The blink frog misses you.
You barely miss the blink frog. Your kick misses the blink frog.
The blink frog is heavily wounded.
The blink frog closely misses you.
The blink frog blinks!
The blink frog misses you.
You barely miss the blink frog. Your kick misses the blink frog.
The blink frog is heavily wounded.
The blink frog hits you!
* * * LOW HITPOINT WARNING * * *
You focus on the pain.
You feel agile all of a sudden.
The blink frog blinks!
You closely miss the blink frog.
The blink frog is heavily wounded.
The blink frog hits you!
* * * LOW HITPOINT WARNING * * *
The blink frog blinks!
The blink frog barely misses you. The blink frog hits you.
You die...

#.#P...# ####....#.P#
#.....†....##
##...........#
##............###
##.......§......P#
#...........>....##
##.........F......##
#........F@#.......
#........##FFP.#
###....#.#.F..##
#...###...(..# .
####.#.......# # .
##..##....### ... .
#.P.....#........##.....
.
......##........††......
.
?....##.........††...)..


You could see 5 blink frogs.

Vanquished Creatures
  Fannar (Lair:1)
  Erica (Lair:1)
  2 hydras (Lair:1)
  A boulder beetle (Lair:1)
  A death yak (Lair:1)
  A two-headed ogre (D:10)
  A cyclops (D:11)
  4 elephants
  Joseph (D:8)
  2 torpor snails (Lair:1)
  2 black mambas (Lair:1)
  6 cane toads
  4 komodo dragons
  2 hornets
  A troll (D:11)
  3 polar bears
  Prince Ribbit (D:8)
  12 blink frogs
  Sigmund (D:2)
  A wyvern (D:7)
  A wraith (D:11)
  27 yaks
  Grum (D:9)
  An acid dragon (D:11)
  2 water moccasins
  Duvessa (D:7)
  3 ice beasts
  13 orc warriors
  A sky beast (D:7)
  2 black bears (D:6)
  An ogre (D:5)
  4 wolves (D:9)
  10 centaurs
  3 phantoms
  3 kobold brigands
  10 bullfrogs
  2 gnoll sergeants
  2 scorpions
  A necrophage (D:5)
  3 wights (D:9)
  Dowan (D:7)
  12 killer bees
  2 howler monkeys
  4 hounds
  10 orc priests
  3 jellies
  Ijyb (D:5)
  An iguana (D:5)
  6 orc wizards
  Robin (D:4)
  20 gnolls
  3 adders
  2 shadow imps
  A white imp (D:6)
  3 ufetubi
  2 worms
  A dart slug (D:4)
  51 orcs
  5 ball pythons
  6 bats
  8 endoplasms
  4 giant cockroaches
  15 goblins
  5 hobgoblins
  3 jackals (D:1)
  16 kobolds
  2 quokkas (D:4)
  2 frilled lizards (D:1)
  8 rats
337 creatures vanquished.

Vanquished Creatures (others)
  20 plants
20 creatures vanquished.

Grand Total: 357 creatures vanquished

Notes
Turn   | Place    | Note
-------+----------+-------------------------------------------
     0 | D:1      | Newt the Demonspawn Gladiator began the quest for the Orb.
     0 | D:1      | Reached XP level 1. HP: 16/16 MP: 1/1
   148 | D:1      | Reached skill level 1 in Stealth
   183 | D:1      | Gained mutation: Your demonic aura sometimes causes spilled
                  | blood to erupt in flames. [demonic ancestry]
   183 | D:1      | Reached XP level 2. HP: 21/22 MP: 2/2
   486 | D:1      | Found Otick's Armour Shoppe.
   666 | D:2      | Gained mutation: You are partially covered in molten
                  | scales. (AC +2) [demonic ancestry]
   666 | D:2      | Reached XP level 3. HP: 28/28 MP: 3/3
   692 | D:2      | Noticed Sigmund
  1063 | D:2      | Killed Sigmund
  1064 | D:2      | Reached skill level 1 in Armour
  1064 | D:2      | Reached skill level 3 in Dodging
  1064 | D:2      | Reached XP level 4. HP: 21/37 MP: 4/4
  1064 | D:2      | Gained mutation: You sometimes gain a little power by
                  | taking damage. [demonic ancestry]
  1064 | D:2      | Reached XP level 5. HP: 24/42 MP: 5/5
  1255 | D:2      | Identified the +8 rapier of Proximity {heavy, rN+ rCorr}
  1902 | D:3      | Reached XP level 6. HP: 48/48 MP: 6/6
  2239 | D:4      | Found a staircase to the Ecumenical Temple.
  2251 | Temple   | Entered the Ecumenical Temple
  2369 | Temple   | Became a worshipper of Dithmenos the Shadowed
  2775 | D:4      | Found an iron altar of Okawaru.
  2807 | D:4      | Noticed Robin
  2813 | D:4      | Killed Robin
  3050 | D:5      | Entered Level 5 of the Dungeon
  3056 | D:5      | Noticed an ice beast
  3078 | D:5      | Killed an ice beast
  3251 | D:5      | Noticed Ijyb
  3259 | D:5      | Killed Ijyb
  3260 | D:5      | Reached XP level 7. HP: 50/54 MP: 7/7
  3342 | D:5      | Reached * piety under Dithmenos
  3425 | D:5      | Reached skill level 5 in Short Blades
  3557 | D:5      | Reached XP level 8. HP: 60/60 MP: 8/8
  3659 | D:5      | Reached skill level 5 in Stealth
  4008 | D:6      | Reached skill level 5 in Fighting
  4030 | D:6      | Noticed a hornet
  4037 | D:6      | Killed a hornet
  4038 | D:6      | Gained mutation: You have large cloven feet. [demonic
                  | ancestry]
  4038 | D:6      | Reached XP level 9. HP: 66/68 MP: 9/9
  4047 | D:6      | Reached ** piety under Dithmenos
  4048 | D:6      | Reached skill level 1 in Evocations
  4586 | D:7      | Found a flagged portal.
  4595 | Bailey   | Entered a bailey
  4944 | Bailey   | Reached skill level 4 in Dodging
  5709 | Bailey   | Reached skill level 5 in Dodging
  6086 | Bailey   | Reached skill level 6 in Dodging
  6666 | Bailey   | Acquired a +0 cloak of preservation
  6768 | Bailey   | Reached skill level 5 in Throwing
  6962 | D:7      | Noticed Duvessa
  6965 | D:7      | Noticed Dowan
  6982 | D:7      | Reached XP level 10. HP: 48/74 MP: 10/10
  6984 | D:7      | Killed Duvessa
  6988 | D:7      | Killed Dowan
  6989 | D:7      | Reached skill level 5 in Armour
  7245 | D:7      | Noticed a moth of wrath
  7248 | D:7      | Found a bloodstained altar of Trog.
  7516 | D:7      | Found a sparkling altar of Nemelex Xobeh.
  7551 | D:7      | Found a stormy altar of Qazlal.
  7867 | D:8      | Noticed Joseph
  7888 | D:8      | Killed Joseph
  8398 | D:8      | Noticed Prince Ribbit
  8404 | D:8      | Killed Prince Ribbit
  8507 | D:8      | Found a burning altar of Makhleb.
  8824 | D:9      | Noticed Grum
  8836 | D:9      | Killed Grum
  8837 | D:9      | Reached skill level 1 in Invocations
  8983 | D:9      | Paralysed by a hornet for 1 turns
  9179 | D:9      | Found a blossoming altar of Fedhas.
  9192 | D:9      | You fall into a shaft and drop 1 floor!
  9192 | D:10     | Entered Level 10 of the Dungeon
  9437 | D:10     | Reached skill level 5 in Invocations
  9457 | D:10     | Identified the +3 leather armour of Qazlal's Hope {rF- rN+
                  | Stlth+}
  9913 | D:9      | Found Jineu's Assorted Antiques.
  9921 | D:9      | Bought a scroll of identify for 62 gold pieces
  9921 | D:9      | Bought a scroll of identify for 62 gold pieces
  9923 | D:9      | Gained mutation: You have a pair of small horns on your
                  | head. [potion of mutation]
  9923 | D:9      | Gained mutation: Armour fits poorly on your strangely
                  | shaped body. [potion of mutation]
  9923 | D:9      | Gained mutation: You expend magic power (3 MP) to
                  | strengthen your wands. [potion of mutation]
  9924 | D:9      | Lost mutation: You have a pair of small horns on your head.
                  | [potion of mutation]
  9924 | D:9      | Lost mutation: Armour fits poorly on your strangely shaped
                  | body. [potion of mutation]
  9924 | D:9      | Gained mutation: You are dopey. (Int -2) [potion of
                  | mutation]
  9924 | D:9      | Gained mutation: You have hoof-like feet. [potion of
                  | mutation]
  9924 | D:9      | Gained mutation: You are clumsy. (Dex -2) [potion of
                  | mutation]
  9996 | D:9      | Mutation became permanent: You have large cloven feet.
                  | [demonic ancestry]
  9996 | D:9      | Gained mutation: You have hoof-like feet. [demonic
                  | ancestry]
  9996 | D:9      | Reached XP level 11. HP: 65/79 MP: 13/15
  9998 | D:9      | Reached *** piety under Dithmenos
 10875 | D:10     | HP: 3/79 [poisoned by a gnoll sergeant]
 11425 | D:10     | Reached skill level 10 in Armour
 11428 | D:10     | Reached skill level 1 in Shields
 11508 | D:10     | Found an opulent altar of Gozag.
 11520 | D:10     | Noticed a two-headed ogre
 11522 | D:10     | Killed a two-headed ogre
 11972 | D:11     | Found a staircase to the Lair.
 12028 | D:11     | Found a staircase to the Orcish Mines.
 12143 | D:11     | Identified the +5 sling of Ruhuat {drain, rElec Int+3 SInv}
 12441 | D:11     | Reached skill level 5 in Shields
 12829 | Lair:1   | Entered Level 1 of the Lair of Beasts
 13077 | Lair:1   | Reached **** piety under Dithmenos
 13408 | Lair:1   | Reached skill level 10 in Stealth
 13459 | Lair:1   | Reached skill level 7 in Dodging
 13835 | Lair:1   | Noticed Erica
 13838 | Lair:1   | Killed Erica
 13839 | Lair:1   | Reached XP level 12. HP: 86/86 MP: 16/16
 14155 | Lair:1   | Noticed a four-headed hydra
 14161 | Lair:1   | Reached skill level 8 in Dodging
 14164 | Lair:1   | Killed a four-headed hydra
 14192 | Lair:1   | Noticed a four-headed hydra
 14198 | Lair:1   | Killed a four-headed hydra
 14212 | Lair:1   | Reached skill level 9 in Dodging
 14313 | Lair:1   | Noticed a boulder beetle
 14314 | Lair:1   | Noticed a death yak
 14322 | Lair:1   | Killed a death yak
 14345 | Lair:1   | Killed a boulder beetle
 14601 | Lair:1   | Noticed Fannar
 14612 | Lair:1   | Killed Fannar
 14617 | Lair:1   | Reached skill level 10 in Dodging
 15481 | Lair:2   | Reached skill level 11 in Dodging
 15676 | Lair:2   | HP: 4/86 [blink frog (12)]
 15676 | Lair:2   | Slain by a blink frog

Illustrated notes

Levels and vault maps discovered:
D:1:      onia_arrival_pyramid, layout_basic, serial_shops,
          nicolae_shop_advertising_works [nicolae_subvault_shop_adworks],
          columned_hall_lemuel, grunt_decor_resistance
D:2:      layout_rooms, uniq_sigmund
D:3:      layout_loops_cross
D:4:      layout_basic, mainiacjoe_overflow_chevrons, amcnicky_altar_gilded,
          minmay_temple_entry_butterflies, minmay_misc_feat_tower,
          feat_on_display, uniq_robin
D:5:      layout_basic, nicolae_figureground_pulse, uniq_ijyb
D:6:      layout_loops_ring, minmay_manual_monstrance
D:7:      layout_loops_cross, tgw_trog, mainiacjoe_overflow_big_doors,
          enter_bailey_2, serial_glass, glass_columns_b, glass_columns_b,
          due_unseen_surprise, nrook_uturn, hangedman_decor_growths,
          uniq_duvessa
D:8:      layout_loops_ring, mainiacjoe_overflow_small_starburst, uniq_joseph,
          uniq_prince_ribbit1
D:9:      layout_long_grid, fedhas_altar_2, serial_shops, shop, uniq_grum
D:10:     layout_irregular_city, kennysheep_little_box, nicolae_eternal_life
D:11:     layout_loops_ring, david_lair_shrubbed, minmay_orc_entry_temple_small,
          palyth_stone_intersect
Temple:   nicolae_temple_two_arcs
Lair:1:   layout_hall_layers, minmay_shattered_shrine,
          infiniplex_staircase_pool_2, uniq_erica, uniq_fannar
Lair:2:   layout_cave_pods, dummy_snake_entry

Skill      XL: |  1  2  3  4  5  6  7  8  9 10 11 12 |
---------------+-------------------------------------+-----
Stealth        | 1 2 4 7 8 10 | 10.0
Fighting       | 4 5 |  5.0
Throwing       | 3 5 |  5.0
Armour         | 1 2 4 8 10 | 10.0
Dodging        | 3 6 7 11 | 11.6
Short Blades   | 3 5 7 |  7.0
Evocations     | 4 |  4.0
Invocations    | 6 |  6.0
Shields        | 5 |  5.0

Action                   |  1- 3 |  4- 6 |  7- 9 | 10-12 || total
-------------------------+-------+-------+-------+-------++-------
Melee: Rapier            |    80 |   114 |   172 |   492 ||   858
       Punch             |     1 |       |       |     2 ||     3
       Kick              |       |       |    32 |   160 ||   192
 Fire: Sling             |       |       |       |     2 ||     2
Throw: Throwing net      |     2 |       |     4 |     4 ||    10
       Stone             |       |     8 |     2 |       ||    10
       Boomerang         |       |       |    89 |       ||    89
       Dart              |       |       |     5 |       ||     5
       Javelin           |       |       |     1 |     2 ||     3
Invok: Shadow Step       |       |       |     4 |     1 ||     5
Evoke: Wand              |       |       |     3 |     1 ||     4
  Use: Scroll            |     3 |     8 |     4 |    10 ||    25
       Potion            |       |     1 |     1 |     4 ||     6
 Stab: Sleeping          |     1 |     1 |     4 |    37 ||    43
       Distracted        |     1 |       |     1 |     6 ||     8
       Held in net/web   |       |       |     1 |     1 ||     2
Armor: Leather armour    |    12 |       |    12 |   180 ||   204
       Ring mail         |    10 |    53 |   127 |       ||   190
Dodge: Dodged            |    55 |    57 |   240 |   535 ||   887
Block: Buckler           |       |       |       |    99 ||    99

Table legend: (Time is in decaauts)
 A = Elapsed time spent in this place.
 B = Non-inter-level travel time spent in this place.
 C = Inter-level travel time spent in this place.
 D = Time resting spent in this place.
 E = Time spent auto-exploring this place.
 F = Levels seen in this place.
 G = Mean time per level.
                   A        B        C        D        E       F      G
               +--------+--------+--------+--------+--------+-----+--------+
         Total |  15999 |  15653 |    346 |   4560 |   7875 |  15 | 1066.6 |
       Dungeon |  10644 |  10346 |    298 |   2031 |   6439 |  11 |  967.6 |
        Temple |    126 |    121 |      5 |      0 |    106 |   1 |  126.0 |
          Lair |   2823 |   2780 |     43 |   1213 |   1071 |   2 | 1411.5 |
        Bailey |   2405 |   2405 |      0 |   1316 |    259 |   1 | 2405.0 |
               +--------+--------+--------+--------+--------+-----+--------+

Top non-repeatable levels by time:
  Bailey: 2405 daAuts
  Lair:1: 2319 daAuts
     D:9: 1801 daAuts
    D:10: 1324 daAuts
    D:11: 1070 daAuts
     D:1: 989 daAuts
     D:7: 979 daAuts
     D:8: 952 daAuts
     D:6: 792 daAuts
     D:3: 751 daAuts
     D:5: 747 daAuts
     D:4: 704 daAuts
     D:2: 530 daAuts
  Lair:2: 503 daAuts
  Temple: 126 daAuts
